 Dungeon Crawl Stone Soup version 0.31-a0-925-g0a390f2509 (webtiles) character file.

Game seed: 16959171156334455821

14 Persephone the Changeling (level 2, -2/21 HPs)
             Began as a Merfolk Shapeshifter on Oct 18, 2023.
             Succumbed to a goblin's poison
             ... on level 1 of the Dungeon.
             The game lasted 00:00:31 (227 turns).

Persephone the Changeling (Merfolk Shapeshifter)     Turns: 227, Time: 00:00:32

Health: -2/21      AC:  2    Str: 14    XL:     2   Next: 45%
Magic:  2/2        EV: 12    Int:  9    God:
Gold:   24         SH:  0    Dex: 13    Spells: 1/1 levels left

rFire   . .          .
                       - Unarmed
rCold   . . .        (no shield)
rNeg    . . .        a - +0 animal skin
rPois   .            (helmet currently unavailable)
rElec   .            (cloak currently unavailable)
rCorr   .            (gloves currently unavailable)
SInv    .            (boots currently unavailable)
Will    .....        (no amulet)
Stlth   +            (no ring)
HPRegen 0.23/turn    (no ring)
MPRegen 0.08/turn

%: no passive effects
@: lethally poisoned (-2 -> -15), beast-form
A: beast (slay +2), (nimble swimmer 2), mertail
a: Begin Untransformation


You were on level 1 of the Dungeon.
You were a hulking beast.
You visited 1 branch of the dungeon, and saw 1 of its levels.

You collected 24 gold pieces.

Inventory:

Armour
 a - a +0 animal skin (worn)
Talismans
 c - a beast talisman (active)
 d - a flux talisman
Scrolls
 f - a scroll of silence {unknown}
 h - a scroll of immolation {unknown}
Potions
 b - a potion of lignification
 e - a potion of degeneration {unknown}
 g - a potion of resistance {unknown}


   Skills:
 + Level 1.5 Fighting
 - Level 2.7 Dodging
 * Level 3.7 Unarmed Combat
 + Level 4.2 Shapeshifting


You had one spell level left.
You didn't know any spells.
Your spell library contained the following spells:

 Spells                   Type           Power      Damage    Failure   Level
 Magic Dart               Conj           0%         1d3       38%         1
 Searing Ray              Conj           0%         2d4       52%         2
 Fulminant Prism          Conj/Hex       0%         3d5       99%         4


Dungeon Overview and Level Annotations

Branches:
Dungeon (1/15)

Altars:


Innate Abilities, Weirdness & Mutations

You are a hulking beast.
Your limbs bulge with bestial killing power. (Slay +2)
((You are very nimble when in or above water. (Stealth+, EV+, Speed+++)))
Your lower body shifts to a powerful aquatic tail in water.


Message History

The goblin shouts!
The kobold hits you with a +0 dagger.
You hit the kobold.
The kobold is moderately wounded.
The bat closely misses you. The kobold hits you with a +0 dagger.
You hit the kobold.
You kill the kobold!
The bat closely misses you.
You hit the bat.
You kill the bat!
You closely miss the goblin. Your punch misses the goblin.
The goblin hits you with a +2 dagger of venom.
You are too injured to fight recklessly!
You are too injured to fight recklessly!
You are too injured to fight recklessly!
A goblin is nearby!
A goblin is nearby!
A goblin is nearby!
You are too injured to fight recklessly!
You hit the goblin.
The goblin is moderately wounded.
The goblin hits you with a +2 dagger of venom.
You completely miss the goblin.
The goblin is moderately wounded.
The goblin hits you with a +2 dagger of venom.
You are poisoned.
You hit the goblin.
The goblin is severely wounded.
You feel sick. The goblin completely misses you.
You closely miss the goblin.
The goblin is severely wounded.
You feel sick.
The goblin hits you with a +2 dagger of venom.
* * * LOW HITPOINT WARNING * * *
You are lethally poisoned!
You hit the goblin.
You kill the goblin!
* * * LOW HITPOINT WARNING * * *
You feel very sick.
You die...

#.......########
##..........>...##
.........####....#
##.......####.##.#
##............##.#
###.###########.#
...# ###.#######
..... #..........
.......
#.)h..>.... .####
## #.......... .##
............. .# #
.......#.######
.#.# ...#### .#
.+. #+ ... .#
.##.. .. .#
.####+## .#
<.......


There were no monsters in sight!

Vanquished Creatures
  2 dart slugs (D:1)
  An endoplasm (D:1)
  3 goblins (D:1)
  A ball python (D:1)
  2 bats (D:1)
  2 kobolds (D:1)
11 creatures vanquished.

Notes
Turn   | Place    | Note
-------+----------+-------------------------------------------
     0 | D:1      | Persephone the Merfolk Shapeshifter began the quest for the
                  | Orb.
     0 | D:1      | Reached XP level 1. HP: 15/15 MP: 1/1
   135 | D:1      | Reached XP level 2. HP: 21/21 MP: 2/2
   227 | D:1      | Succumbed to a goblin's poison

Illustrated notes

Levels and vault maps discovered:
D:1:      minmay_arrival_stone_box, layout_rooms

Action                     || total
---------------------------++-------
  Melee: Unarmed           ||    30
 Armour: Animal skin       ||    16
  Dodge: Dodged            ||    14

Table legend: (Time is in decaauts)
 A = Elapsed time spent in this place.
 B = Non-inter-level travel time spent in this place.
 C = Inter-level travel time spent in this place.
 D = Time resting spent in this place.
 E = Time spent auto-exploring this place.
 F = Levels seen in this place.
 G = Mean time per level.
                   A        B        C        D        E       F      G
               +--------+--------+--------+--------+--------+-----+--------+
         Total |    225 |    225 |      0 |      0 |    158 |   1 |  225.0 |
       Dungeon |    225 |    225 |      0 |      0 |    158 |   1 |  225.0 |
               +--------+--------+--------+--------+--------+-----+--------+

Top non-repeatable levels by time:
     D:1: 225 daAuts
